 Dungeon Sprint DCSS version 0.27-a0-1217-g8a41f320e8 (webtiles) character file.

Game seed: 16245250586900426261

19845 mhtbhm the Executioner (level 12, -9/144 (187) HPs)
             Began as a Minotaur Berserker on June 5, 2021.
             Was the Champion of Trog.
             Mangled by a spriggan defender
             ... wielding a +3 demon whip of draining
              (28 damage)
             ... in the Dungeon (Sprint IV: "Fedhas' Mad Dash").
             The game lasted 00:07:27 (5251 turns).

mhtbhm the Executioner (Minotaur Berserker)         Turns: 5251, Time: 00:07:28

HP:   -9/144 (187)  AC:  6    Str: 30    XL:     12   Next: 40%
MP:   11/11         EV: 20    Int:  4    God:    Trog [******]
Gold: 94            SH:  0    Dex: 11    Spells: 11/11 levels left

rFire    . . .     SeeInvis +   a - +8 executioner's axe of Beetle's Curse {flame, rCorr}
rCold    + + +     Faith    .   (shield currently unavailable)
rNeg     . . .     Spirit   .   b - +4 skin of Zhor {*Englaciate rC+++ SInv}
rPois    +         Reflect  .   (helmet restricted)
rElec    .         Harm     .   (no cloak)
rCorr    +         Rampage  .   (no gloves)
Will     .....     NoTele   +   (no boots)
Stlth    ..........             i - amulet of invisibility {+Inv}
HPRegen  0.34/turn              l - ring "Ranotac" {Wiz Fly rPois Str+4}
MPRegen  0.12/turn              p - +4 ring of evasion

@: berserking, flying, heavily drained, very quick
A: horns 2, retaliatory headbutt
a: Renounce Religion, Evoke Invisibility, Berserk, Trog's Hand, Brothers in Arms


You were in the Dungeon.
You worshipped Trog.
Trog was exalted by your worship.
You visited 1 branch You collected 470 gold pieces.
You spent 376 gold pieces at shops.

Inventory:

Hand Weapons
 a - the +8 executioner's axe of Beetle's Curse (weapon) {flame, rCorr}
   (Trog gifted it to you in the Dungeon)

   It has been specially enchanted to burn those struck by it, causing extra
   injury to most foes and up to half again as much damage against particularly
   susceptible opponents.
   Big, fiery blades are also staple armaments of hydra-hunters.
   It protects you from acid and corrosion.
Armour
 b - the +4 skin of Zhor (worn) {*Englaciate rC+++ SInv}
   (You found it in the Dungeon)

   It renders you almost immune to cold.
   It lets you see invisible.
Jewellery
 i - the amulet of invisibility (around neck) {+Inv}
   (You found it in the Dungeon)

   [amulet of nothing]

   It lets you turn invisible.
 l - the ring "Ranotac" (left hand) {Wiz Fly rPois Str+4}
   (You found it in the Dungeon)

   [ring of wizardry]

   It improves your spell success rate.
   It affects your strength (+4).
   It protects you from poison.
   It grants you flight.
 p - a +4 ring of evasion (right hand)
 t - the amulet of Ymeyram {Spirit Dex+5}
   (You found it in the Dungeon)

   [amulet of guardian spirit]

   It causes incoming damage to be divided between your reserves of health and
   magic.
   It affects your dexterity (+5).
Scrolls
 o - a scroll of enchant weapon {unknown}
 q - a scroll of identify {unknown}
 r - 2 scrolls of blinking
Potions
 c - a potion of curing
 d - a potion of heal wounds
 e - 2 potions of haste
 f - 3 potions of magic
 g - a potion of berserk rage
 h - a potion of might
 j - a potion of attraction {unknown}
 k - a potion of lignification {unknown}
 n - a potion of flight {unknown}
Miscellaneous
 m - a piece from Xom's chessboard (15/15)
 s - a phantom mirror


   Skills:
 + Level 17.0 Fighting
 * Level 22.6 Axes
 + Level 7.9 Armour
 + Level 12.3 Dodging
 - Level 10.1 Stealth
 - Level 10.7 Evocations


You had 11 spell levels left.
You didn't know any spells.
Your spell library was empty.

Dungeon Overview and Level Annotations

Branches:
Dungeon (1/1)

Altars:
Cheibriados
Dithmenos
Elyvilon
Gozag
Hepliaklqana
Kikubaaqudgha
Makhleb
Nemelex Xobeh
Okawaru
Qazlal
Ru
Sif Muna
Trog
Uskayaw
Vehumet
Wu Jian
Xom
Yredelemnul
Zin
The Shining One
Beogh
Jiyva
Lugonu

Shops:
D *!:*(*(??!(****=*[*=?


Innate Abilities, Weirdness & Mutations

You have a pair of horns on your head.
You reflexively headbutt those who attack you in melee.


Message History

You feel yourself moving faster!
You feel mighty!
The spriggan defender closely misses you.
The spriggan defender hits you with a +3 demon whip of draining!!
You feel drained.
You miss the spriggan defender.
Your headbutt misses the spriggan defender.
The spriggan defender barely misses you.
You completely miss the spriggan defender.
Your headbutt misses the spriggan defender.
The spriggan defender hits you with a +3 demon whip of draining!!
You feel drained.
You closely miss the spriggan defender.
Your headbutt misses the spriggan defender.
The spriggan defender hits you with a +3 demon whip of draining!!
You feel drained.
The spriggan defender blocks your attack.
You completely miss the spriggan defender.
You radiate an aura of cold.
The spriggan defender resists.
The spriggan defender hits you with a +3 demon whip of draining!!
You feel drained.
You are too injured to fight recklessly!
You are too injured to fight recklessly!
You are too injured to fight recklessly!
You are too injured to fight recklessly!
You are too injured to fight recklessly!
You are too injured to fight recklessly!
You are too injured to fight recklessly!
You are too injured to fight recklessly!
You are too injured to fight recklessly!
Unknown command.
The spriggan defender blocks your attack.
Your headbutt misses the spriggan defender.
The spriggan defender hits you with a +3 demon whip of draining!!
* * * LOW HITPOINT WARNING * * *
You feel drained.
* * * LOW HITPOINT WARNING * * *
You slash the spriggan defender! You burn the spriggan defender.
The spriggan defender is moderately wounded.
The spriggan defender hits you with a +3 demon whip of draining!!
You die...

...∩.∩.)[.#
###########
####### #....)###
...P..'.#
...)..###
##########
.........#########
.........'......@#
.........#######i#
########## #####)#
♣..♣..♣..♣..#
............#
♣.i♣..♣..♣..# ##
#######


You could see a spriggan defender.

Vanquished Creatures
  A ghost moth (D)
  2 spriggan defenders (D)
  2 spriggan berserkers (D)
  A spriggan druid (D)
  23 oklob plants (D)
  3 demonic crawlers (D)
  3 burning bushes (D)
  A queen bee (D)
  6 hornets (D)
  3 wandering mushrooms (D)
  4 scorpions (D)
  4 killer bees (D)
  5 oklob saplings (D)
  8 spriggans (D)
  A river rat (D)
  A rat (D)
68 creatures vanquished.

Vanquished Creatures (collateral kills)
  Agnes (D)
1 creature vanquished.

Vanquished Creatures (others)
  2 ballistomycete spores (D)
  3 fungi (D)
5 creatures vanquished.

Grand Total: 74 creatures vanquished

Notes
Turn   | Place    | Note
-------+----------+-------------------------------------------
     0 | D        | mhtbhm the Minotaur Berserker began the quest for the Orb.
     0 | D        | Reached XP level 1. HP: 19/19 MP: 0/0
     8 | D        | Reached skill level 4 in Axes
     8 | D        | Reached XP level 2. HP: 28/28 MP: 1/1
    44 | D        | Noticed an oklob sapling
    46 | D        | Killed an oklob sapling
    46 | D        | Reached ** piety under Trog
    47 | D        | Reached skill level 6 in Axes
    47 | D        | Reached XP level 3. HP: 30/37 MP: 2/2
   173 | D        | Noticed a scorpion
   174 | D        | Found the amulet of invisibility {+Inv}
   174 | D        | Killed a scorpion
   175 | D        | Reached skill level 7 in Axes
   175 | D        | Reached XP level 4. HP: 47/47 MP: 3/3
   316 | D        | Found an opulent altar of Gozag.
   316 | D        | Found a hazy altar of Hepliaklqana.
   316 | D        | Found a burning altar of Makhleb.
   316 | D        | Found a sparkling altar of Nemelex Xobeh.
   316 | D        | Found a snail-covered altar of Cheibriados.
   316 | D        | Found a sacrificial altar of Ru.
   316 | D        | Found a shimmering blue altar of Sif Muna.
   316 | D        | Found a shimmering altar of Xom.
   316 | D        | Found a basalt altar of Yredelemnul.
   317 | D        | Found a viscous altar of Jiyva.
   317 | D        | Found a bloodstained altar of Trog.
   317 | D        | Found an ornate altar of the Wu Jian Council.
   318 | D        | Found an iron altar of Okawaru.
   318 | D        | Found a shadowy altar of Dithmenos.
   318 | D        | Found a glowing silver altar of Zin.
   319 | D        | Found an ancient bone altar of Kikubaaqudgha.
   319 | D        | Found a hide-covered altar of Uskayaw.
   320 | D        | Found a stormy altar of Qazlal.
   320 | D        | Found a white marble altar of Elyvilon.
   320 | D        | Found a glowing golden altar of the Shining One.
   321 | D        | Found a corrupted altar of Lugonu.
   321 | D        | Found a radiant altar of Vehumet.
   328 | D        | Reached skill level 8 in Axes
   328 | D        | Reached XP level 5. HP: 56/56 MP: 1/4
   393 | D        | Reached *** piety under Trog
   394 | D        | Reached skill level 9 in Axes
   394 | D        | Reached skill level 1 in Evocations
   658 | D        | Reached skill level 10 in Axes
   658 | D        | Reached skill level 5 in Armour
   658 | D        | Reached skill level 5 in Dodging
   658 | D        | Reached XP level 6. HP: 66/66 MP: 5/5
   714 | D        | Found Nucest's General Store.
   714 | D        | Found Erifioxt's General Store.
   729 | D        | Noticed a burning bush
   729 | D        | Noticed a wandering mushroom
   730 | D        | Noticed a wandering mushroom
   734 | D        | Reached **** piety under Trog
   735 | D        | Reached skill level 10 in Fighting
   735 | D        | Reached skill level 1 in Stealth
   738 | D        | Killed a wandering mushroom
   739 | D        | Reached skill level 11 in Axes
   739 | D        | Reached XP level 7. HP: 74/74 MP: 3/6
  1125 | D        | Killed a wandering mushroom
  1131 | D        | Killed a burning bush
  1132 | D        | Reached skill level 12 in Axes
  1138 | D        | Found Oso Maon's General Store.
  1138 | D        | Found Wioheol's Armour Shoppe.
  1142 | D        | Identified the +12 falchion "Impuoj" {antimagic, rF+ Int+4}
  1257 | D        | Noticed a queen bee
  1266 | D        | Reached ***** piety under Trog
  1267 | D        | Reached XP level 8. HP: 83/83 MP: 7/7
  1267 | D        | Received a gift from Trog
  1273 | D        | Killed a queen bee
  1274 | D        | Reached skill level 13 in Axes
  1274 | D        | Reached skill level 5 in Evocations
  1388 | D        | Noticed an oklob plant
  1396 | D        | Killed an oklob plant
  1397 | D        | Reached skill level 5 in Stealth
  1551 | D        | Noticed a burning bush
  1558 | D        | Killed a burning bush
  1563 | D        | Identified the ring "Ranotac" {Wiz Fly rPois Str+4}
  1605 | D        | Noticed a burning bush
  1605 | D        | Noticed an oklob plant
  1645 | D        | Noticed a wandering mushroom
  1652 | D        | Killed a burning bush
  1653 | D        | Reached skill level 14 in Axes
  1653 | D        | Reached XP level 9. HP: 93/93 MP: 5/8
  1733 | D        | Killed an oklob plant
  1738 | D        | Killed a wandering mushroom
  1838 | D        | Noticed a spriggan druid
  1840 | D        | Killed a spriggan druid
  1841 | D        | Reached skill level 15 in Axes
  2020 | D        | Noticed an oklob plant conjurer
  2027 | D        | Killed an oklob plant conjurer
  2027 | D        | Received a gift from Trog
  2027 | D        | Reached ****** piety under Trog
  2419 | D        | Noticed an oklob plant
  2419 | D        | Noticed an oklob plant summoner
  2420 | D        | Noticed an oklob plant shifter
  2430 | D        | Killed an oklob plant
  2431 | D        | Reached XP level 10. HP: 102/102 MP: 7/9
  2434 | D        | Killed an oklob plant summoner
  2438 | D        | Killed an oklob plant shifter
  2557 | D        | Noticed a spriggan rider
  2558 | D        | Found Ihynazu's Jewellery Emporium.
  2571 | D        | Reached skill level 16 in Axes
  2578 | D        | Killed a spriggan rider
  2578 | D        | Received a gift from Trog
  2706 | D        | Found Minuuned's Magic Scroll Shoppe.
  2848 | D        | Noticed Agnes
  2858 | D        | Killed Agnes
  2859 | D        | Reached skill level 10 in Dodging
  3060 | D        | Found Utin's Jewellery Emporium.
  3060 | D        | Noticed a spriggan berserker
  3062 | D        | Found Sol Len's Assorted Antiques.
  3063 | D        | Noticed a spriggan defender
  3065 | D        | Found the +4 skin of Zhor {*Englaciate rC+++ SInv}
  3078 | D        | Killed a spriggan defender
  3079 | D        | Reached skill level 15 in Fighting
  3079 | D        | Reached skill level 17 in Axes
  3079 | D        | Reached skill level 10 in Evocations
  3079 | D        | Reached XP level 11. HP: 41/112 MP: 10/10
  3503 | D        | Killed a spriggan berserker
  3679 | D        | Noticed a spriggan rider
  3683 | D        | Reached skill level 10 in Stealth
  3684 | D        | Identified the +8 executioner's axe of Beetle's Curse
                  | {flame, rCorr} (Trog gifted it to you in the Dungeon)
  3684 | D        | Received a gift from Trog
  3916 | D        | Noticed a ghost moth
  3917 | D        | Found Hoivvoih's Distillery.
  3917 | D        | Found Mugogux's Book Emporium.
  3917 | D        | Found Puubb's Assorted Antiques.
  3929 | D        | Killed a ghost moth
  3930 | D        | Reached skill level 18 in Axes
  4181 | D        | Bought a potion of might for 56 gold pieces
  4181 | D        | Bought a potion of haste for 140 gold pieces
  4198 | D        | Noticed an oklob plant shifter
  4198 | D        | Noticed an oklob plant meteorologist
  4202 | D        | Killed an oklob plant meteorologist
  4210 | D        | Killed an oklob plant shifter
  4210 | D        | Received a gift from Trog
  4346 | D        | Noticed a spriggan rider
  4358 | D        | Reached skill level 19 in Axes
  4500 | D        | Found Seibon's Weapon Shoppe.
  4500 | D        | Found Ujuapp's Assorted Antiques.
  4500 | D        | Found Tuyruatu's General Store.
  4500 | D        | Found Elaeng's Magic Scroll Emporium.
  4500 | D        | Found Barghaots's Antique Weapon Shoppe.
  4501 | D        | Found Geucot's Distillery.
  4501 | D        | Found Bexuxt's Antique Weapon Shop.
  4501 | D        | Found Uvisen's Magic Scroll Boutique.
  4520 | D        | Bought a scroll of blinking for 90 gold pieces
  4520 | D        | Bought a scroll of blinking for 90 gold pieces
  4534 | D        | Noticed an oklob plant summoner
  4535 | D        | Found Huano's Assorted Antiques.
  4536 | D        | Found Qeento's Assorted Antiques.
  4542 | D        | Killed an oklob plant summoner
  4546 | D        | Noticed an oklob plant demonologist
  4546 | D        | Noticed an oklob plant annihilator
  4547 | D        | Noticed a spriggan berserker
  4556 | D        | Killed a spriggan berserker
  4560 | D        | Killed an oklob plant annihilator
  4560 | D        | Received a gift from Trog
  4563 | D        | Killed an oklob plant demonologist
  4717 | D        | Identified the amulet of Ymeyram {Spirit Dex+5}
  4762 | D        | Noticed an oklob plant
  4762 | D        | Noticed an oklob plant
  4762 | D        | Noticed an oklob plant
  4762 | D        | Noticed an oklob plant
  4762 | D        | Noticed an oklob plant
  4762 | D        | Noticed an oklob plant
  4763 | D        | Noticed an oklob plant
  4764 | D        | Killed an oklob plant
  4765 | D        | Reached skill level 20 in Axes
  4765 | D        | Noticed an oklob plant
  4766 | D        | Killed an oklob plant
  4767 | D        | Noticed an oklob plant
  4768 | D        | Killed an oklob plant
  4768 | D        | Received a gift from Trog
  4769 | D        | Reached XP level 12. HP: 124/124 MP: 9/11
  4778 | D        | Reached skill level 21 in Axes
  4793 | D        | Reached skill level 22 in Axes
  4868 | D        | Noticed a spriggan defender
  4868 | D        | Noticed a spriggan defender
  4880 | D        | Killed a spriggan defender
  4880 | D        | Received a gift from Trog
  5251 | D        | Mangled by a spriggan defender

Illustrated notes

Levels and vault maps discovered:
D:        dungeon_sprint_fedhas [sprint_temple]

Skill      XL: |  1  2  3  4  5  6  7  8  9 10 11 12 |
---------------+-------------------------------------+-----
Fighting       | 4 6 7 8 9 11 12 13 15 16 17 | 17.0
Axes           | 4 6 7 8 10 11 12 14 15 17 20 22 | 22.6
Armour         | 3 4 5 6 7 |  7.9
Dodging        | 3 4 5 6 7 9 10 12 | 12.3
Evocations     | 1 3 4 6 8 10 | 10.7
Stealth        | 2 3 5 7 9 10 | 10.1

Action                   |  1- 3 |  4- 6 |  7- 9 | 10-12 || total
-------------------------+-------+-------+-------+-------++-------
Melee: Hand axe          |     5 |    20 |    59 |    29 ||   113
       Headbutt          |     1 |     5 |    19 |    19 ||    44
       Battleaxe         |       |       |       |    27 ||    27
       Executioner's axe |       |       |       |    62 ||    62
Invok: Berserk           |     3 |     4 |     9 |    11 ||    27
       Brothers in Arms  |       |       |       |     1 ||     1
 Abil: Evoke Invisibilit |       |     3 |     4 |     5 ||    12
  Use: Scroll            |       |       |       |     1 ||     1
 Stab: Invisible         |       |     2 |     3 |     8 ||    13
       Sleeping          |       |       |     1 |     7 ||     8
Armor: Leather armour    |       |       |       |     4 ||     4
       Animal skin       |       |       |       |     4 ||     4
Dodge: Dodged            |     3 |     7 |    13 |    61 ||    84

Table legend: (Time is in decaauts)
 A = Elapsed time spent in this place.
 B = Non-inter-level travel time spent in this place.
 C = Inter-level travel time spent in this place.
 D = Time resting spent in this place.
 E = Time spent auto-exploring this place.
 F = Levels seen in this place.
 G = Mean time per level.
                   A        B        C        D        E       F      G
               +--------+--------+--------+--------+--------+-----+--------+
         Total |   5423 |   5423 |      0 |   4458 |     13 |   1 | 5423.0 |
       Dungeon |   5423 |   5423 |      0 |   4458 |     13 |   1 | 5423.0 |
               +--------+--------+--------+--------+--------+-----+--------+

Top non-repeatable levels by time:
       D: 5423 daAuts
